MAA
SAN BERNARDINO GRASSHOPPERS @ VIRGINIA BEACH DEUCES
09/06/2019
 
TOP OF THE 1ST
San Bernardino Grasshoppers batting - Pitching for Virginia Beach Deuces : RHP Carlos Pérez
Pitching: RHP Carlos Pérez
Batting: RHB Manny Carbajal 0-0: Foul Ball, location: 2F
0-1: Foul Ball, location: 2F
0-2: Ball
1-2: SINGLE (Groundball, 56D)
Batting: RHB Justin Roberts 0-0: Ball
1-0: Ball
2-0: Ball
3-0: Foul Ball, location: 2F
3-1: Called Strike
3-2: Strikes out swinging
Batting: RHB Shawn Hicks 0-0: Called Strike
0-1: Called Strike
0-2: SINGLE (Groundball, 34D)
Manny Carbajal to second
Runner from 2nd tries for 3rd, SAFE, throw made to third
Shawn Hicks to second
Batting: RHB Reggie Kahn 0-0: Ball
1-0: Ball
2-0: Called Strike
2-1: Fly out, F9 (Flyball, 89S)
Runner from 3rd tags up, SCORES, throw made
Batting: SHB Joreão Canosa 0-0: SINGLE (Line Drive, 9S)
Shawn Hicks to third
Runner from 3rd tries for Home, SAFE, no throw or cutoff
Batting: RHB Alfonso Enríquez 0-0: Swinging Strike
0-1: Ball
1-1: Foul Ball, location: 2F
1-2: Ball
2-2: Strikes out swinging
Top of the 1st over - 2 run(s), 3 hit(s), 0 error(s), 1 left on base; San Bernardino 2 - Virginia Beach 0
BOTTOM OF THE 1ST
Virginia Beach Deuces batting - Pitching for San Bernardino Grasshoppers : RHP Doug Green
Pitching: RHP Doug Green
Batting: RHB Joel Frazier 0-0: Ball
1-0: Ground out U3 (Groundball, 3)
Batting: RHB Scott Miller 0-0: Ball
1-0: Foul Ball, location: 2F
1-1: Swinging Strike
1-2: Ball
2-2: Foul Ball, location: 2F
2-2: Foul Ball, location: 2F
2-2: Strikes out swinging
Batting: RHB Javier Santos 0-0: Called Strike
0-1: Ball
1-1: Called Strike
1-2: Ball
2-2: DOUBLE (Groundball, 3L)
Batting: LHB Álex Burgos 0-0: Foul Ball, location: 2F
0-1: Ball
1-1: Foul Ball, location: 2F
1-2: Ball
2-2: Ground out 5-3 (Groundball, 56)
Bottom of the 1st over - 0 run(s), 1 hit(s), 0 error(s), 1 left on base; San Bernardino 2 - Virginia Beach 0
TOP OF THE 2ND
San Bernardino Grasshoppers batting - Pitching for Virginia Beach Deuces : RHP Carlos Pérez
Batting: RHB Alfonso López 0-0: Called Strike
0-1: Ground out 2-3 (Groundball, 2R)
Batting: RHB Sergio Ortíz 0-0: Called Strike
0-1: Foul Ball, location: 2F
0-2: Strikes out swinging
Batting: RHB José Paz 0-0: Foul Ball, location: 2F
0-1: Swinging Strike
0-2: Fly out, F4 (Popup, 4)
Top of the 2nd over - 0 run(s), 0 hit(s), 0 error(s), 0 left on base; San Bernardino 2 - Virginia Beach 0
BOTTOM OF THE 2ND
Virginia Beach Deuces batting - Pitching for San Bernardino Grasshoppers : RHP Doug Green
Batting: RHB Lorenzo Ramírez 0-0: Called Strike
0-1: Ball
1-1: Ball
2-1: Ball
3-1: Fly out, F9 (Line Drive, 9M)
Batting: LHB Carl Gore 0-0: Called Strike
0-1: Ball
1-1: Called Strike
1-2: SINGLE (Groundball, 4MD)
Batting: RHB Álex Escobar 0-0: Called Strike
0-1: Foul Ball, location: 2F
0-2: Ball
1-2: Ball
2-2: Foul Ball, location: 2F
2-2: Strikes out swinging
Batting: RHB Marcox Fiadeiro 0-0: Ball
1-0: Called Strike
1-1: Foul Ball, location: 2F
1-2: Ball
2-2: Strikes out looking
Bottom of the 2nd over - 0 run(s), 1 hit(s), 0 error(s), 1 left on base; San Bernardino 2 - Virginia Beach 0
TOP OF THE 3RD
San Bernardino Grasshoppers batting - Pitching for Virginia Beach Deuces : RHP Carlos Pérez
Batting: RHB Manny Carbajal 0-0: Called Strike
0-1: Ball
1-1: Swinging Strike
1-2: Foul Ball, location: 2F
1-2: SOLO HOME RUN (Flyball, 78XD), Distance : 432 ft
Batting: RHB Justin Roberts 0-0: Ball
1-0: SOLO HOME RUN (Flyball, 8RXD), Distance : 444 ft
Batting: RHB Shawn Hicks 0-0: Ball
1-0: Foul Ball, location: 2F
1-1: Foul Ball, location: 2F
1-2: Ground out 5-3 (Groundball, 56)
Batting: RHB Reggie Kahn 0-0: Foul Ball, location: 2F
0-1: Ball
1-1: Ball
2-1: Ball
3-1: Called Strike
3-2: Strikes out looking
Batting: SHB Joreão Canosa 0-0: Ball
1-0: Fly out, F6 (Popup, 6MD)
Top of the 3rd over - 2 run(s), 2 hit(s), 0 error(s), 0 left on base; San Bernardino 4 - Virginia Beach 0
BOTTOM OF THE 3RD
Virginia Beach Deuces batting - Pitching for San Bernardino Grasshoppers : RHP Doug Green
Batting: RHB Derrek Church 0-0: Called Strike
0-1: Ball
1-1: SINGLE (Groundball, 56D) (infield hit)
Batting: RHB Joel Frazier 0-0: Called Strike
0-1: Called Strike
0-2: Ball
1-2: Strikes out looking
Batting: RHB Scott Miller 0-0: Ball
1-0: Called Strike
1-1: Grounds into double play, 5-4-3 (Groundball, 5)
Bottom of the 3rd over - 0 run(s), 1 hit(s), 0 error(s), 0 left on base; San Bernardino 4 - Virginia Beach 0
TOP OF THE 4TH
San Bernardino Grasshoppers batting - Pitching for Virginia Beach Deuces : RHP Carlos Pérez
Batting: RHB Alfonso Enríquez 0-0: Foul Ball, location: 2F
0-1: SOLO HOME RUN (Flyball, 78XD), Distance : 438 ft
Pitching: RHP Tommy Middleton
Batting: RHB Alfonso López 0-0: Ball
1-0: Foul Ball, location: 2F
1-1: Ball
2-1: Foul Ball, location: 2F
2-2: Strikes out swinging
Batting: RHB Sergio Ortíz 0-0: Ball
1-0: Ball
2-0: Ball
3-0: Base on Balls
Batting: RHB José Paz 0-0: Ball
1-0: Hit by Pitch
Sergio Ortíz to second
Batting: RHB Manny Carbajal 0-0: Called Strike
0-1: Foul Ball, location: 2F
0-2: Ball
1-2: Fly out, F9 (Flyball, 89S)
Batting: RHB Justin Roberts 0-0: Ball
1-0: Ball
2-0: SINGLE (Groundball, 56D)
Sergio Ortíz to third
José Paz to second
Runner from 3rd tries for Home, SAFE, no throw or cutoff
Batting: RHB Shawn Hicks 0-0: Called Strike
0-1: Ball
1-1: Foul Ball, location: 2F
1-2: Foul Ball, location: 2F
1-2: Strikes out looking
Top of the 4th over - 2 run(s), 2 hit(s), 0 error(s), 2 left on base; San Bernardino 6 - Virginia Beach 0
BOTTOM OF THE 4TH
Virginia Beach Deuces batting - Pitching for San Bernardino Grasshoppers : RHP Doug Green
Batting: RHB Javier Santos 0-0: Ball
1-0: Foul Ball, location: 2F
1-1: Called Strike
1-2: Ball
2-2: Foul Ball, location: 2F
2-2: Ball
3-2: Base on Balls
Batting: LHB Álex Burgos 0-0: Called Strike
0-1: SINGLE (Groundball, 34D)
Javier Santos to second
Runner from 2nd tries for 3rd, SAFE, throw made to third
Álex Burgos to second
Batting: RHB Lorenzo Ramírez 0-0: Ball
1-0: Called Strike
1-1: Foul Ball, location: 2F
1-2: Ball
2-2: Fly out, F8 (Line Drive, 8RM)
Runner from 3rd tags up, SCORES, no throw
Batting: LHB Carl Gore 0-0: Ball
1-0: Ball
2-0: Ball
3-0: Called Strike
3-1: Base on Balls
Batting: RHB Álex Escobar 0-0: Ball
1-0: Ball
2-0: Called Strike
2-1: Called Strike
2-2: Foul Ball, location: 2F
2-2: Foul Ball, location: 2F
2-2: SINGLE (Groundball, 4M)
Álex Burgos to third
Carl Gore to second
Runner from 3rd tries for Home, SAFE, no throw or cutoff
Batting: RHB Marcox Fiadeiro 0-0: Ball
1-0: Foul Ball, location: 2F
1-1: Swinging Strike
1-2: Fly out, F9 (Flyball, 9M)
Batting: RHB Derrek Church 0-0: Called Strike
0-1: Ball
1-1: Ball
2-1: Called Strike
2-2: Ball
3-2: Ground out 6-3 (Groundball, 6)
Bottom of the 4th over - 2 run(s), 2 hit(s), 0 error(s), 2 left on base; San Bernardino 6 - Virginia Beach 2
TOP OF THE 5TH
San Bernardino Grasshoppers batting - Pitching for Virginia Beach Deuces : RHP Tommy Middleton
Batting: RHB Reggie Kahn 0-0: Swinging Strike
0-1: Ball
1-1: Ball
2-1: Swinging Strike
2-2: Strikes out looking
Batting: SHB Joreão Canosa 0-0: Called Strike
0-1: Foul Ball, location: 2F
0-2: Ball
1-2: Strikes out swinging
Batting: RHB Alfonso Enríquez 0-0: Foul Ball, location: 2F
0-1: Ball
1-1: Ground out 1-3 (Groundball, 15)
Top of the 5th over - 0 run(s), 0 hit(s), 0 error(s), 0 left on base; San Bernardino 6 - Virginia Beach 2
BOTTOM OF THE 5TH
Virginia Beach Deuces batting - Pitching for San Bernardino Grasshoppers : RHP Doug Green
Batting: RHB Joel Frazier 0-0: Ball
1-0: Fly out, F4 (Line Drive, 4MD)
Batting: RHB Scott Miller 0-0: Fly out, F8 (Flyball, 8LM)
Batting: RHB Javier Santos 0-0: Called Strike
0-1: Ball
1-1: SINGLE (Groundball, 5D)
Batting: LHB Álex Burgos 0-0: Ball
1-0: Ball
2-0: Called Strike
2-1: Called Strike
2-2: Strikes out looking
Bottom of the 5th over - 0 run(s), 1 hit(s), 0 error(s), 1 left on base; San Bernardino 6 - Virginia Beach 2
TOP OF THE 6TH
San Bernardino Grasshoppers batting - Pitching for Virginia Beach Deuces : RHP Tommy Middleton
Batting: RHB Alfonso López 0-0: Ball
1-0: Called Strike
1-1: Reached on Error, E9 (Flyball, 89M)
Batting: RHB Sergio Ortíz 0-0: Ball
1-0: Ball
Pickoff Throw to First - Out!
2-0: Swinging Strike
2-1: Fly out, F4 (Popup, 4)
Batting: RHB José Paz 0-0: Called Strike
0-1: Swinging Strike
0-2: Foul Ball, location: 2F
0-2: Ball
1-2: Strikes out swinging
Top of the 6th over - 0 run(s), 0 hit(s), 1 error(s), 0 left on base; San Bernardino 6 - Virginia Beach 2
BOTTOM OF THE 6TH
Virginia Beach Deuces batting - Pitching for San Bernardino Grasshoppers : RHP Doug Green
Batting: RHB Lorenzo Ramírez 0-0: Ball
1-0: Called Strike
1-1: SINGLE (Groundball, 34D)
Batting: LHB Carl Gore 0-0: Called Strike
0-1: Foul Ball, location: 2F
0-2: Ball
Wild Pitch!
Lorenzo Ramírez to second
1-2: Foul Ball, location: 2F
1-2: Ground out 6-3 (Groundball, 6M)
Lorenzo Ramírez to third
Batting: RHB Álex Escobar 0-0: Ball
1-0: Ball
2-0: Fly out, F7 (Flyball, 7LS)
Pitching: RHP José Gutiérrez
Batting: RHB Marcox Fiadeiro 0-0: SINGLE (Groundball, 3L)
Lorenzo Ramírez scores
Batting: RHB Derrek Church 0-0: Called Strike
0-1: Swinging Strike
0-2: Strikes out looking
Bottom of the 6th over - 1 run(s), 2 hit(s), 0 error(s), 1 left on base; San Bernardino 6 - Virginia Beach 3
TOP OF THE 7TH
San Bernardino Grasshoppers batting - Pitching for Virginia Beach Deuces : RHP Tommy Middleton
Pitching: LHP José Carrasco
Batting: RHB Manny Carbajal 0-0: Ball
1-0: Ball
2-0: Called Strike
2-1: Foul Ball, location: 2F
2-2: Foul Ball, location: 2F
2-2: Ball
3-2: Strikes out looking
Batting: RHB Justin Roberts 0-0: Ball
1-0: SINGLE (Line Drive, 3D)
Batting: RHB Shawn Hicks 0-0: Swinging Strike
0-1: Swinging Strike
0-2: Ball
1-2: Fly out, F7 (Flyball, 7M)
Batting: RHB Reggie Kahn 0-0: Called Strike
0-1: Foul Ball, location: 2F
0-2: Ball
1-2: Foul Ball, location: 2F
1-2: Ball
2-2: Strikes out swinging
Top of the 7th over - 0 run(s), 1 hit(s), 0 error(s), 1 left on base; San Bernardino 6 - Virginia Beach 3
BOTTOM OF THE 7TH
Virginia Beach Deuces batting - Pitching for San Bernardino Grasshoppers : RHP José Gutiérrez
Batting: RHB Joel Frazier 0-0: Called Strike
0-1: Foul Ball, location: 2F
0-2: Ball
1-2: Fly out, F4 (Popup, 34D)
Batting: RHB Scott Miller 0-0: Fly out, F7 (Flyball, 7M)
Batting: RHB Javier Santos 0-0: Swinging Strike
0-1: Ball
1-1: Ball
2-1: Ground out 6-3 (Groundball, 6)
Bottom of the 7th over - 0 run(s), 0 hit(s), 0 error(s), 0 left on base; San Bernardino 6 - Virginia Beach 3
TOP OF THE 8TH
San Bernardino Grasshoppers batting - Pitching for Virginia Beach Deuces : LHP José Carrasco
Batting: SHB Joreão Canosa 0-0: Called Strike
0-1: Ball
1-1: Called Strike
1-2: Ball
2-2: Foul Ball, location: 2F
2-2: Reached on error, E5 (Groundball, 5)
Batting: RHB Alfonso Enríquez 0-0: Ball
1-0: Called Strike
1-1: Called Strike
1-2: Foul Ball, location: 2F
1-2: Strikes out swinging
Batting: RHB Alfonso López 0-0: Swinging Strike
0-1: Swinging Strike
0-2: Foul Ball, location: 2F
0-2: Ball
1-2: Strikes out swinging
Batting: RHB Sergio Ortíz 0-0: Ball
1-0: Ground out 1-3 (Groundball, 2L)
Top of the 8th over - 0 run(s), 0 hit(s), 1 error(s), 1 left on base; San Bernardino 6 - Virginia Beach 3
BOTTOM OF THE 8TH
Virginia Beach Deuces batting - Pitching for San Bernardino Grasshoppers : RHP José Gutiérrez
Now at C: Ron Clark
Batting: LHB Álex Burgos 0-0: Foul Ball, location: 2F
0-1: Foul Ball, location: 2F
0-2: Foul Ball, location: 2F
0-2: Ball
1-2: Foul Ball, location: 2F
1-2: Foul Ball, location: 2F
1-2: DOUBLE (Line Drive, 9D)
Pitching: RHP César Rivera
Batting: RHB Lorenzo Ramírez 0-0: Foul Ball, location: 2F
0-1: Ground out 6-3 (Groundball, 6M)
Álex Burgos to third
Batting: LHB Carl Gore 0-0: Swinging Strike
0-1: Called Strike
0-2: Strikes out looking
Batting: RHB Álex Escobar 0-0: Ball
1-0: Swinging Strike
1-1: Ball
2-1: Foul Ball, location: 2F
2-2: Ball
3-2: Fly out, F8 (Flyball, 8RM)
Bottom of the 8th over - 0 run(s), 1 hit(s), 0 error(s), 1 left on base; San Bernardino 6 - Virginia Beach 3
TOP OF THE 9TH
San Bernardino Grasshoppers batting - Pitching for Virginia Beach Deuces : LHP José Carrasco
Batting: RHB José Paz 0-0: Ball
1-0: SINGLE (Groundball, 6M) (infield hit)
Batting: RHB Manny Carbajal 0-0: Ball
1-0: Foul Ball, location: 2F
1-1: Swinging Strike
1-2: Strikes out swinging
Batting: RHB Ron Clark 0-0: Ball
1-0: Called Strike
José Paz is caught stealing 2nd base
1-1: Called Strike
1-2: Foul Ball, location: 2F
1-2: Foul Ball, location: 2F
1-2: Foul Ball, location: 2F
1-2: Ground out 5-3 (Groundball, 56)
Top of the 9th over - 0 run(s), 1 hit(s), 0 error(s), 0 left on base; San Bernardino 6 - Virginia Beach 3
BOTTOM OF THE 9TH
Virginia Beach Deuces batting - Pitching for San Bernardino Grasshoppers : RHP César Rivera
Pitching: RHP Alonso Cruz
Batting: RHB Marcox Fiadeiro 0-0: Ball
1-0: Called Strike
1-1: Ball
2-1: Bunt for hit - play at first, batter OUT! 5-4
Batting: RHB Derrek Church 0-0: Ball
1-0: Called Strike
1-1: Ball
2-1: Ball
3-1: Ground out 4-3 (Groundball, 4M)
Batting: RHB Joel Frazier 0-0: Foul Ball, location: 2F
0-1: Ball
1-1: Foul Ball, location: 2F
1-2: Ball
2-2: Ball
3-2: Ground out 4-3 (Groundball, 4M)
Bottom of the 9th over - 0 run(s), 0 hit(s), 0 error(s), 0 left on base; San Bernardino 6 - Virginia Beach 3
This league is powered by Out of the Park Baseball, the baseball management simulation game for PC, Mac and Linux
Saturday, July 25th, 2015 - OOTP Baseball 15.6 Build 34